 Dungeon Crawl Stone Soup version 0.17-a0-1655-g88a8506 (webtiles) character file.

969 kae the Carver (level 7, 57/57 HPs)
             Began as a Minotaur Fighter on Aug 15, 2015.
             Was an Initiate of Qazlal.
             Drowned
             ... on level 5 of the Dungeon.
             The game lasted 00:03:43 (3716 turns).

kae the Carver (Minotaur Fighter)                   Turns: 3716, Time: 00:03:43

Health: 57/57      AC: 10    Str: 21    XL:     7   Next: 94%
Magic:  6/6        EV:  7    Int:  7    God:    Qazlal [......]
Gold:   283        SH:  9    Dex:  9    Spells: 0 memorised, 6 levels left

rFire  . . .     SeeInvis .     a - +0 long sword
rCold  + . .     Clarity  .     b - +0 scale mail
rNeg   . . .     SustAt   .     c - +0 shield
rPois  .         Gourm    .     (helmet restricted)
rElec  .         Spirit   .     (no cloak)
rCorr  .         Warding  .     v - +0 pair of gloves
rMut   +         Stasis   .     s - +1 pair of boots
MR     .....                    l - amulet of resist mutation
Stlth  +.........               y - ring of protection from cold
                                h - ring of stealth

@: not resistant to hostile enchantments, very unstealthy
A: retaliatory headbutt, horns 2
a: Renounce Religion


You were on level 5 of the Dungeon.
You worshipped Qazlal.
Qazlal was noncommittal.
You were hungry.

You visited 2 branches of the dungeon, and saw 6 of its levels.

You collected 283 gold pieces.

Inventory:

Hand weapons
 a - a +0 long sword (weapon)
Armour
 b - a +0 scale mail (worn)
 c - a +0 shield (worn)
 s - a +1 pair of boots (worn)
 v - a +0 pair of gloves (worn)
Jewellery
 h - a ring of stealth (left hand)
 j - an uncursed ring of teleportation
 l - an amulet of resist mutation (around neck)
 y - a ring of protection from cold (right hand)
Scrolls
 k - 2 scrolls of noise
 m - a scroll of amnesia
 n - 2 scrolls of magic mapping
 x - a scroll of identify
Potions
 d - 2 potions of might
 p - 2 potions of haste {unknown}
 q - 4 potions of curing
 r - a potion of lignification
 t - a potion of poison {unknown}
 u - 2 potions of magic {unknown}
 w - a potion of invisibility {unknown}
Comestibles
 e - 5 bread rations
 f - 6 fruits
 g - 2 meat rations
 i - a royal jelly


   Skills:
 - Level 3.6 Fighting
 + Level 11.0 Long Blades
 - Level 3.6 Armour
 - Level 3.6 Shields


You had 6 spell levels left.
You didn't know any spells.

Dungeon Overview and Level Annotations

Branches:
Dungeon (5/15)             Temple (1/1) D:4

Altars:
Ashenzari
Cheibriados
Dithmenos
Fedhas
Gozag
Kikubaaqudgha
Nemelex Xobeh
Qazlal
Ru
Sif Muna
Vehumet
Xom
Yredelemnul
Zin
The Shining One


Innate Abilities, Weirdness & Mutations

You reflexively headbutt those who attack you in melee.
You have a pair of horns on your head.


Message History

No target in view!
No target in view!
Autopickup is now off.
You now have 283 gold pieces (gained 16).
You see here 2 potions of curing.
You see here a sedimented red potion.
You see here a sedimented red potion.
Autopickup is now on.
q - 4 potions of curing (gained 2)
p - 2 sedimented red potions (gained 1) Why would you want to do that?
Things that are here:
a giant club; an ogre corpse Drink which item? (? for menu, Esc to quit)
You feel very buoyant.
You fly up into the air.
Careful!
You are starting to lose your buoyancy.
You float gracefully downwards.
You fall into the water!
You sink like a stone!
You drown...
You die...

..............#
..............#
..............#####******
.†.................,,,,,*
.............#.≈≈≈≈≈≈≈≈≈**
##...(......##≈≈#######≈≈**
#..#######.#≈≈##≈≈≈≈≈##≈≈**
##..** ##.≈≈##≈≈###≈≈##≈≈* *
##..*###..≈##≈@##,##≈≈##≈*
***,..,#...#≈#≈≈##,,,##≈≈#≈*
,**,...#.##)≈#≈#***,≈≈##≈#≈*
,**...)..#..≈#≈≈≈≈***≈≈#≈#≈*
,,,....##...≈####≈≈*≈≈##≈#≈#
*,,....*#...≈≈≈≈##≈≈≈##≈≈#≈#
*,*###.##...≈##≈≈##≈##≈≈##≈#
*,* #......≈≈##≈≈###≈≈##≈≈#
*,* ####....≈≈##≈≈≈≈≈##≈≈#*


There were no monsters in sight!

Vanquished Creatures
  A hungry ghost (D:4)
  A necrophage (D:5)
  3 ogres
  A crimson imp (D:5)
  A giant frog zombie (D:5)
  3 hounds
  An orc priest (D:5)
  A centaur zombie (D:4)
  3 orc wizards
  A giant frog skeleton (D:4)
  2 worker ants
  2 adders
  An adder skeleton (D:4)
  4 worms
  3 giant geckos
  12 orcs
  6 giant cockroaches
  A goblin (D:1)
  6 hobgoblins
  8 jackals
  2 ball pythons (D:1)
  8 bats
  4 giant newts
  9 kobolds
  2 quokkas (D:4)
  A quokka skeleton (D:5)
  8 rats
95 creatures vanquished.

Notes
Turn   | Place    | Note
--------------------------------------------------------------
     0 | D:1      | kae the Minotaur Fighter began the quest for the Orb.
     0 | D:1      | Reached XP level 1. HP: 19/19 MP: 0/0
    99 | D:1      | Reached XP level 2. HP: 26/26 MP: 1/1
   464 | D:1      | Reached skill level 4 in Long Blades
   618 | D:2      | Reached XP level 3. HP: 26/31 MP: 2/2
  1044 | D:2      | Found a shimmering altar of Xom.
  1177 | D:3      | Found a blossoming altar of Fedhas.
  1199 | D:3      | Reached skill level 5 in Long Blades
  1474 | D:3      | Reached XP level 4. HP: 39/39 MP: 3/3
  1528 | D:3      | Found a shadowy altar of Dithmenos.
  1743 | D:3      | Reached skill level 6 in Long Blades
  2075 | D:4      | Reached XP level 5. HP: 43/45 MP: 4/4
  2231 | D:4      | Found a staircase to the Ecumenical Temple.
  2275 | D:4      | Reached skill level 7 in Long Blades
  2432 | Temple   | Entered the Ecumenical Temple
  2550 | Temple   | Became a worshipper of Qazlal Stormbringer
  2712 | D:4      | Reached XP level 6. HP: 44/51 MP: 5/5
  2789 | D:4      | Noticed a hungry ghost
  2795 | D:4      | Killed a hungry ghost
  2795 | D:4      | Reached skill level 8 in Long Blades
  2828 | D:4      | Noticed an ogre
  2839 | D:4      | Killed an ogre
  2839 | D:4      | Reached skill level 9 in Long Blades
  2943 | D:4      | Reached XP level 7. HP: 57/57 MP: 6/6
  3239 | D:5      | Entered Level 5 of the Dungeon
  3378 | D:5      | Reached skill level 10 in Long Blades
  3656 | D:5      | Reached skill level 11 in Long Blades
  3716 | D:5      | Drowned

Vault maps used:
D:1:      dpeg_cavernosity
D:2:      lemuel_coloured_pillars_altar
D:3:      nicolae_overflow_hidden_temple, old_standard_altar, first_bread
D:4:      minmay_temple_entry_butterflies
D:5:      minivault_26, water_maze_lemuel
Temple:   circular_temple_12

Action                   |  1- 3 |  4- 6 |  7- 9 || total
-------------------------+-------+-------+-------++-------
Melee: Long sword        |   103 |   121 |    59 ||   283
  Use: Scroll            |     1 |     5 |     5 ||    11
       Potion            |       |       |     1 ||     1
  Eat: Chunk             |     2 |     4 |     2 ||     8
       Fruit             |       |     1 |       ||     1
